 Dungeon Crawl Stone Soup version 0.31-a0-187-gba352fbbf7 (webtiles) character file.

Game seed: 10473601353205460126

72 qw the Shooter (level 4, -3/25 HPs)
             Began as a Deep Elf Hunter on June 22, 2023.
             Killed from afar by Ijyb (19 damage)
             ... with a bolt of dispelling energy
             ... on level 3 of the Dungeon.
             The game lasted 00:00:40 (1399 turns).

qw the Shooter (Deep Elf Hunter)                    Turns: 1399, Time: 00:00:41

Health: -3/25      AC:  3    Str: 10    XL:     4   Next: 7%
Magic:  6/6        EV: 12    Int: 14    God:
Gold:   90         SH:  0    Dex: 18    Spells: 3/3 levels left

rFire   . . .        Y - +0 shortbow
rCold   . . .        (shield currently unavailable)
rNeg    . . .        c - +0 leather armour
rPois   .            (no helmet)
rElec   .            (no cloak)
rCorr   .            (no gloves)
SInv    .            (no boots)
Will    .....        (no amulet)
Stlth   ++           (no ring)
HPRegen 0.24/turn    (no ring)
MPRegen 0.10/turn

%: no passive effects
@: no status effects
A: no striking features
a: no special abilities


You were on level 3 of the Dungeon.
You visited 1 branch of the dungeon, and saw 3 of its levels.

You collected 90 gold pieces.


   Skills:
 - Level 1.5 Fighting
 + Level 7.5 Ranged Weapons
 - Level 2.4 Dodging
 - Level 1.2 Stealth


You had 3 spell levels left.
You didn't know any spells.
Your spell library was empty.

Inventory:

Hand Weapons
 Y - a +0 shortbow (weapon)
Armour
 c - a +0 leather armour (worn)
Scrolls
 a - a scroll of identify
 e - a scroll of silence {unknown}
 g - a scroll of poison {unknown}
 i - a scroll of enchant armour {unknown}
Potions
 b - a potion of magic {unknown}
 d - a potion of berserk rage {unknown}
 f - a potion of might {unknown}
 h - a potion of curing
 j - a potion of lignification {unknown}
 m - a potion of enlightenment
 n - a potion of mutation {unknown}

Dungeon Overview and Level Annotations

Branches:
Dungeon (3/15)

Altars:
Trog

Annotations:
D:3 Ijyb


Message History

You shoot an arrow. The arrow barely misses the goblin.
The arrow closely misses the goblin.
The goblin shouts!
You shoot an arrow. The arrow hits the goblin!
You kill the goblin!
The goblin unwields a +0 club.
The goblin wields a +0 sling.
The goblin shoots a sling bullet.
The sling bullet closely misses you.
You shoot an arrow. The arrow hits Ijyb but does no damage.
You shoot an arrow. The arrow hits Ijyb but does no damage.
The goblin shoots a sling bullet.
The sling bullet closely misses you.
You shoot an arrow. The arrow barely misses Ijyb.
The arrow misses the goblin.
Ijyb zaps a wand.
The bolt of dispelling energy misses you.
You shoot an arrow. The arrow hits the goblin.
The goblin is heavily wounded.
You shoot an arrow. The arrow barely misses Ijyb.
The arrow hits the goblin.
You kill the goblin!
You shoot an arrow. The arrow hits Ijyb but does no damage.
Ijyb hits you with a +0 dagger.
The goblin unwields a +0 sling.
The goblin wields a +0 club.
The goblin misses you.
You shoot an arrow. The arrow barely misses Ijyb.
Ijyb hits you with a +0 dagger. The goblin barely misses you.
You shoot an arrow. The arrow completely misses Ijyb.
Ijyb closely misses you. The goblin misses you.
You shoot an arrow. The arrow hits Ijyb but does no damage.
Ijyb closely misses you. The goblin hits you with a +0 club.
You shoot an arrow. The arrow hits Ijyb but does no damage.
Ijyb barely misses you. The goblin barely misses you.
You shoot an arrow. The arrow hits Ijyb.
Ijyb is lightly wounded.
Ijyb screams, "No!
No, no, no, no!"
Ijyb closely misses you. The goblin hits you with a +0 club.
You shoot an arrow. The arrow hits Ijyb but does no damage.
Ijyb barely misses you. The goblin closely misses you.
You shoot an arrow. The arrow hits Ijyb.
Ijyb is moderately wounded.
Ijyb zaps a wand.
The bolt of dispelling energy hits you!!
Ouch! That really hurt!
You die...

#.......#
#8)....8#
#..)...(#
#8.....8#
#..)....#
#8.)...8#
#..gg...#
#..@)...#
##..#####
##.# #.#
#.# #.#
###.#######
#..........
#.#.#######


You could see Ijyb and a goblin.

Vanquished Creatures
  An adder (D:2)
  A worm (D:2)
  2 dart slugs
  9 endoplasms
  3 giant cockroaches
  7 goblins
  7 hobgoblins
  2 jackals (D:1)
  3 quokkas
  2 ball pythons
  4 bats
  3 frilled lizards
  4 kobolds
  2 rats (D:1)
50 creatures vanquished.

Notes
Turn   | Place    | Note
-------+----------+-------------------------------------------
     0 | D:1      | qw the Deep Elf Hunter began the quest for the Orb.
     0 | D:1      | Reached XP level 1. HP: 12/12 MP: 3/3
     0 | D:1      | 0 ||| qw: Version: 0.3-a-9-g12657ce
     0 | D:1      | 0 ||| qw: Game counter: 2480
     0 | D:1      | 0 ||| qw: Always use a shield: true
     0 | D:1      | 0 ||| qw: God list: Okawaru
     0 | D:1      | 0 ||| qw: Allow faded altars: false
     0 | D:1      | 0 ||| qw: Do Orc after D:15 true
     0 | D:1      | 0 ||| qw: Do second Lair branch before Depths: true
     0 | D:1      | 0 ||| qw: Lair rune preference: random
     0 | D:1      | 0 ||| qw: Plans: Normal
     0 | D:1      | 0 ||| PLANNING D:1-11
    65 | D:1      | Reached skill level 6 in Ranged Weapons
    65 | D:1      | Reached XP level 2. HP: 15/16 MP: 4/4
   636 | D:1      | 636 ||| DROPPING +6 ring of intelligence.
   637 | D:1      | 637 ||| READING 3 scrolls labelled JUAGATO JAER.
   638 | D:1      | 638 ||| READING scroll labelled BEBETWO NIRPHEN.
   639 | D:1      | 639 ||| READING scroll labelled KICUSHOSAM.
   640 | D:1      | 640 ||| READING scroll labelled FON KUHEAHYTUE.
   644 | D:1      | 644 ||| DRINKING 2 glowing clear potions.
   645 | D:1      | 645 ||| DRINKING 2 metallic pink potions.
   646 | D:1      | 646 ||| READING 2 scrolls of identify.
   646 | D:1      | 646 ||| IDENTIFYING bubbling grey potion
   647 | D:1      | 647 ||| DROPPING scroll of butterflies.
   648 | D:1      | 648 ||| DROPPING potion of degeneration.
   689 | D:2      | 689 ||| STAIRDANCE
   699 | D:1      | Reached XP level 3. HP: 19/20 MP: 5/5
   812 | D:2      | Found a faded altar of an unknown god.
   854 | D:2      | Reached skill level 7 in Ranged Weapons
  1002 | D:2      | Found a bloodstained altar of Trog.
  1274 | D:2      | 1274 ||| DRINKING 2 green potions.
  1275 | D:2      | 1275 ||| DROPPING potion of attraction.
  1376 | D:3      | Reached XP level 4. HP: 25/25 MP: 6/6
  1384 | D:3      | Noticed Ijyb
  1399 | D:3      | Killed from afar by Ijyb

Levels and vault maps discovered:
D:1:      mrwooster_arrival_statue, layout_basic
D:2:      layout_rooms, basic_altar, chequers_ecumenical_altar_simple,
          patterned_corridor
D:3:      kennysheep_the_goblin_king, layout_loops_ring, jmf_multi_god_temple,
          minmay_misc_feat_alley

Skill      XL: |  1  2  3 |
---------------+----------+-----
Ranged Weapons | 6 7 |  7.5
Fighting       | |  1.5
Dodging        | |  2.4
Stealth        | |  1.2

Action                     |  1- 3 |  4- 6 || total
---------------------------+-------+-------++-------
   Fire: Shortbow          |   121 |    23 ||   144
    Use: Scroll            |     5 |       ||     5
         Potion            |     3 |       ||     3
 Armour: Leather armour    |     5 |       ||     5
  Dodge: Dodged            |    24 |    13 ||    37

Table legend:
 A = Non-vault XP
 B = Vault XP
 C = Vault XP percentage of total XP
 D = Non-vault monster count
 E = Vault monster count
 F = Vault count percentage of total count
                 A         B        C        D         E       F
            +---------+---------+-------+---------+---------+-------
      Total |      95 |       9 |   8.7 |      45 |       5 |  10.0
            +---------+---------+-------+---------+---------+-------
        D:1 |      40 |       0 |   0.0 |      21 |       0 |   0.0
        D:2 |      50 |       0 |   0.0 |      20 |       0 |   0.0
        D:3 |       5 |       9 |  64.3 |       4 |       5 |  55.6
            +---------+---------+-------+---------+---------+-------
